 Dungeon Crawl Stone Soup version 0.26-a0-64-g059e62fbdb (webtiles) character file.

Game seed: 3116702214473546186

721 vurker the Ruffian (level 7, -1/61 HPs)
             Began as a Ghoul Monk on June 11, 2020.
             Was a Believer of Makhleb.
             Splashed by a jelly's acid (4 damage)
             ... on level 5 of the Dungeon.
             The game lasted 00:06:35 (5191 turns).

vurker the Ruffian (Ghoul Monk)                     Turns: 5191, Time: 00:06:36

Health: -1/61      AC: -7    Str: 17    XL:     7   Next: 70%
Magic:  7/7        EV:  7    Int:  5    God:    Makhleb [**....]
Gold:   244        SH:  4    Dex: 11    Spells: 6/6 levels left

rFire    . . .     SeeInvis .     - Unarmed
rCold    + . .     Gourm    .   l - +0 buckler (curse)
rNeg     + + +     Faith    .   c - +0 chain mail
rPois    ∞         Spirit   .   (no helmet)
rElec    .         Reflect  .   (no cloak)
rCorr    .         Harm     .   a - +0 pair of gloves
MR       .....                  (no boots)
Stlth    ..........             (no amulet)
HPRegen  0.00/turn              (no ring)
MPRegen  0.10/turn              (no ring)

@: corroded, rotting
A: rotting body, claws 1, carnivore, cold resistance 1, negative energy
resistance 3, inhibited regeneration, torment resistance, unbreathing
a: Minor Destruction, Renounce Religion


You were on level 5 of the Dungeon.
You worshipped Makhleb.
Makhleb was pleased with you.
You were not hungry.

You visited 1 branch of the dungeon, and saw 5 of its levels.

You collected 244 gold pieces.

Inventory:

Armour
 a - a +0 pair of gloves (worn)
   (You found it on level 2 of the Dungeon)
 c - a +0 chain mail (worn)
   (You found it on level 1 of the Dungeon)
 l - a cursed +0 buckler (worn)
   (You found it on level 4 of the Dungeon)
Jewellery
 i - an uncursed ring of protection from magic {unknown}
   (You found it on level 1 of the Dungeon)
Wands
 v - a wand of digging (4)
   (You found it on level 4 of the Dungeon)
Scrolls
 d - 3 scrolls of blinking
 f - 5 scrolls of teleportation
 j - 3 scrolls of remove curse {unknown}
 k - a scroll of magic mapping {unknown}
 o - 2 scrolls of enchant armour {unknown}
 p - 2 scrolls of fog
 s - 3 scrolls of immolation
Potions
 g - 2 potions of might
 m - 4 potions of flight
 n - 5 potions of curing
 q - 3 potions of cancellation
 r - 2 potions of ambrosia
Comestibles
 b - a chunk of flesh
 e - 6 rations


   Skills:
 + Level 5.5 Fighting
 + Level 3.2 Dodging
 - Level 2.1 Stealth
 + Level 1.7 Shields
 * Level 7.3 Unarmed Combat
 + Level 2.4 Invocations


You had 6 spell levels left.
You didn't know any spells.
Your spell library was empty.

Dungeon Overview and Level Annotations

Branches:
Dungeon (5/15)
 Temple: D:4-7

Altars:
Makhleb
Xom
Yredelemnul


Innate Abilities, Weirdness & Mutations

Your body is rotting away.
You thrive on raw meat.
You are immune to poison.
You have sharp fingernails.
You are carnivorous and can eat meat at any time.
Your flesh is cold resistant. (rC+)
You are immune to negative energy. (rN+++)
You do not regenerate when monsters are visible.
You are immune to unholy pain and torment.
You can survive without breathing.


Message History

You hit the adder. The adder bites you but does no damage.
Your chain mail prevents you from hitting the adder.
The adder bites you.
You closely miss the adder. The adder bites you but does no damage.
The adder barely misses you.
You hit the adder. The adder barely misses you.
You closely miss the adder. The adder closely misses you.
You hit the adder.
You kill the adder!
Makhleb accepts your kill.
You feel better.
No target in view!
No target in view!
No target in view!
No target in view!
No target in view!
You butcher the adder corpse.
b - 2 chunks of flesh You see here an adder skeleton. x2
Found 6 gold pieces.
You are feeling very hungry.
A jelly comes into view.
You see here 6 gold pieces.
A jelly is nearby!
Eat one of 2 chunks of flesh? (ye/n/q)
You eat one of the 2 chunks of flesh.
This raw flesh tastes great!
The jelly hits you but does no damage.
You punch the jelly! The acid corrodes you!
Your hands burn!
You block the jelly's attack.
You hit the jelly but do no damage. The acid corrodes you!
Your hands burn!
The jelly hits you. The acid corrodes you!
You are splashed with acid.
You hit the jelly.
Your hands burn!
The jelly jiggles.
The jelly hits you. The acid corrodes you!
You are splashed with acid!
* * * LOW HITPOINT WARNING * * *
You hit the jelly but do no damage.
Your hands burn!
* * * LOW HITPOINT WARNING * * *
The jelly hits you.
* * * LOW HITPOINT WARNING * * *
The acid corrodes you!
You are splashed with acid!
* * * LOW HITPOINT WARNING * * *
Okay, then.
You hit the jelly but do no damage. The acid corrodes you!
Your hands burn!
* * * LOW HITPOINT WARNING * * *
The jelly hits you.
* * * LOW HITPOINT WARNING * * *
You are splashed with acid!
* * * LOW HITPOINT WARNING * * *
You hit the jelly but do no damage.
Your hands burn!
You die...

.......##........
.......#.........
#..........
##..#.......
#..#........
########$.##.......
......#..## .......
........## .......
.......@.# ...#
.......J.# ###
.........#
.........#
.........#
.........#
........##
.........


You could see a jelly.

Vanquished Creatures
  A sky beast (D:4)
  A phantom (D:4)
  A howler monkey (D:5)
  A crimson imp (D:3)
  A quasit (D:2)
  2 hounds
  4 orc wizards
  A centaur skeleton (D:4)
  Natasha (D:3)
  An iguana (D:5)
  6 adders
  2 oozes
  An adder skeleton (D:4)
  4 worms
  2 dart slugs (D:1)
  7 leopard geckos
  3 orcs
  9 bats
  3 giant cockroaches
  11 goblins
  11 hobgoblins
  7 jackals
  4 quokkas
  3 ball pythons
  7 frilled lizards
  5 kobolds
  8 rats
107 creatures vanquished.

Notes
Turn   | Place    | Note
-------+----------+-------------------------------------------
     0 | D:1      | vurker the Ghoul Monk began the quest for the Orb.
     0 | D:1      | Reached XP level 1. HP: 19/19 MP: 0/0
   395 | D:1      | Reached XP level 2. HP: 24/26 MP: 1/1
   745 | D:1      | Reached skill level 4 in Unarmed Combat
   907 | D:1      | Reached XP level 3. HP: 31/33 MP: 2/2
  1409 | D:2      | Reached XP level 4. HP: 29/39 MP: 3/3
  1570 | D:2      | Reached skill level 5 in Unarmed Combat
  2009 | D:2      | Reached XP level 5. HP: 44/46 MP: 4/4
  2888 | D:3      | Found a burning altar of Makhleb.
  2897 | D:3      | Reached skill level 6 in Unarmed Combat
  2898 | D:3      | Noticed Natasha
  2913 | D:3      | Killed Natasha
  2913 | D:3      | Reached XP level 6. HP: 45/55 MP: 5/5
  2926 | D:3      | Became a worshipper of Makhleb the Destroyer
  2926 | D:3      | Reached * piety under Makhleb
  2926 | D:3      | Reached ** piety under Makhleb
  3258 | D:3      | Found a shimmering altar of Xom.
  3259 | D:3      | Found a burning altar of Makhleb.
  3275 | D:3      | Reached skill level 5 in Fighting
  3526 | D:4      | Reached skill level 1 in Invocations
  3655 | D:4      | Noticed a phantom
  3703 | D:4      | Killed a phantom
  3870 | D:4      | Found a basalt altar of Yredelemnul.
  3872 | D:4      | Noticed a sky beast
  3891 | D:4      | Reached skill level 1 in Shields
  3891 | D:4      | Reached XP level 7. HP: 55/61 MP: 7/7
  3909 | D:4      | Reached skill level 7 in Unarmed Combat
  4834 | D:5      | Entered Level 5 of the Dungeon
  5190 | D:5      | HP: 3/61 [acid (10)]
  5191 | D:5      | Splashed by a jelly's acid

Illustrated notes

Levels and vault maps discovered:
D:1:      dpeg_arrival_three_bigger_balls, layout_basic
D:2:      layout_basic, minmay_quantized
D:3:      layout_loops_cross, grunt_temple_overflow_champion_of_chaos,
          makhleb_heckhound_becter, uniq_natasha
D:4:      layout_loops_corners, first_ration, yredelemnul_altar_generic
D:5:      layout_cave_pods, gammafunk_temple_overflow_statue,
          kennysheep_generic_room_7

Skill      XL: |  1  2  3  4  5  6  7 |
---------------+----------------------+-----
Unarmed Combat | 4 5 6 7 |  7.3
Fighting       | 4 5 |  5.5
Invocations    | 1 2 |  2.4
Shields        | 1 |  1.7
Dodging        | 3 |  3.2
Stealth        | |  2.1

Action                   |  1- 3 |  4- 6 |  7- 9 || total
-------------------------+-------+-------+-------++-------
Melee: Unarmed           |   105 |   260 |   109 ||   474
       Punch             |       |     3 |       ||     3
  Use: Scroll            |       |       |    10 ||    10
 Stab: Sleeping          |     2 |       |       ||     2
  Eat: Chunk             |     2 |     6 |     4 ||    12
       Ration            |       |     1 |       ||     1
Armor: Robe              |     4 |       |       ||     4
       Chain mail        |    88 |   122 |    40 ||   250
Dodge: Dodged            |    57 |    77 |    28 ||   162
Block: Buckler           |       |    15 |    10 ||    25

Table legend:
 A = Non-vault XP
 B = Vault XP
 C = Vault XP percentage of total XP
 D = Non-vault monster count
 E = Vault monster count
 F = Vault count percentage of total count
                 A         B        C        D         E       F
            +---------+---------+-------+---------+---------+-------
      Total |     898 |     132 |  12.8 |     100 |       7 |   6.5
            +---------+---------+-------+---------+---------+-------
        D:1 |      50 |       0 |   0.0 |      25 |       0 |   0.0
        D:2 |     161 |       7 |   4.2 |      30 |       4 |  11.8
        D:3 |      96 |     125 |  56.6 |      24 |       3 |  11.1
        D:4 |     483 |       0 |   0.0 |      17 |       0 |   0.0
        D:5 |     108 |       0 |   0.0 |       4 |       0 |   0.0
            +---------+---------+-------+---------+---------+-------
